 Dungeon Crawl Stone Soup version 0.21-a0-241-g2cbab09 (console) character file.

7 removed the Firebug (level 1, -2/14 HPs)
             Began as a Demigod Fire Elementalist on Sept 3, 2017.
             Slain by a goblin
             ... wielding a +2 dagger of protection
              (3 damage)
             ... on level 1 of the Dungeon.
             The game lasted 00:01:46 (230 turns).

removed the Firebug (Demigod Fire Elementalist)      Turns: 230, Time: 00:01:46

Health: -2/14      AC:  2    Str: 11    XL:     1   Next: 66%
Magic:  1/5        EV: 13    Int: 19    God:
Gold:   0          SH:  0    Dex: 16    Spells: 2/3 levels left

rFire    . . .     SeeInvis .   a - +0 short sword
rCold    . . .     Gourm    .   (no shield)
rNeg     . . .     Faith    .   f - +0 robe
rPois    .         Spirit   .   (no helmet)
rElec    .         Reflect  .   (no cloak)
rCorr    .         Harm     .   (no gloves)
MR       .....                  (no boots)
Stlth    ++........             (no amulet)
HPRegen  0.04/turn              (no ring)
MPRegen  0.09/turn              (no ring)

@: very slightly contaminated
A: high mp 1
a: no special abilities


You were on level 1 of the Dungeon.
You were not hungry.

You visited 1 branch of the dungeon, and saw 1 of its levels.

Inventory:

Hand Weapons
 a - a +0 short sword (weapon)
Armour
 f - a +0 robe (worn)
Potions
 e - a potion of haste {unknown}
Books
 b - a book of Flames

   Spells                             Type                      Level
   a - Flame Tongue                   Conjuration/Fire             1
   b - Throw Flame                    Conjuration/Fire             2
   c - Conjure Flame                  Conjuration/Fire             3
   d - Inner Flame                    Hexes/Fire                   3
   e - Sticky Flame                   Conjuration/Fire             4
   f - Fireball                       Conjuration/Fire             5
Comestibles
 c - a bread ration
 d - 2 chunks of flesh


   Skills:
 - Level 2.0 Dodging
 - Level 1.7 Stealth
 - Level 1.7 Spellcasting
 + Level 1.3 Conjurations
 - Level 2.7 Fire Magic


You had 2 spell levels left.
You knew the following spells:

 Your Spells              Type           Power        Failure   Level  Hunger
a - Flame Tongue          Conj/Fire      #....        8%          1    #......


Dungeon Overview and Level Annotations

Branches:
Dungeon (1/15)


Innate Abilities, Weirdness & Mutations

You have an increased reservoir of magic. (+10% MP)


Message History

A goblin comes into view.
The goblin moves out of view.
You see here a kobold corpse.
The goblin hits you with a dagger of protection.
The goblin hits you with a dagger of protection.
* * * LOW HITPOINT WARNING * * *
Unknown command.
Casting: Flame Tongue
Confirm with . or Enter, or press ? or * to list all spells.
Aiming: Flame Tongue
Press: ? - help, Shift-Dir - straight line, f/p - goblin
Aim: a goblin, wielding a dagger of protection The flame tongue misses the goblin.
The goblin closely misses you.
You closely miss the goblin. The goblin misses you.
You barely miss the goblin.
The goblin hits you with a dagger of protection.
* * * LOW HITPOINT WARNING * * *
The goblin barely misses you.
The goblin hits you with a dagger of protection.
You die...

.##.###. #.# ..#.#
#.# #.#.# #.# ....#
#.# ....# ...#####.#
###.# #........#
#÷.# #.#####..#
#'####+####+#####..#
#...........#..@...#
######<#######g##.##
####....##.##.###
............†.#..
.###.#.#####.#.#
##.###.#.#####.#.##
...............#..##
.###...######.....#
#...# #.##..####


You could see a goblin.

Vanquished Creatures
  2 jackals (D:1)
  2 bats (D:1)
  2 kobolds (D:1)
6 creatures vanquished.

Notes
Turn   | Place    | Note
-------+----------+-------------------------------------------
     0 | D:1      | removed the Demigod Fire Elementalist began the quest for the Orb.
     0 | D:1      | Reached XP level 1. HP: 14/14 MP: 5/5
    16 | D:1      | Reached skill level 1 in Conjurations
   230 | D:1      | Slain by a goblin

Vault maps used:
D:1:      minmay_arrival_three_doors

Skill      XL: |  1 |
---------------+----+-----
Conjurations   | 1 |  1.3
Dodging        | 2 |  2.0
Stealth        | |  1.7
Spellcasting   | |  1.7
Fire Magic     | |  2.7

Action                   || total
-------------------------++-------
Melee: Short sword       ||     6
 Cast: Flame Tongue      ||    12
Armor: Robe              ||     2
Dodge: Dodged            ||     8

Table legend:
 A = Spawn XP
 B = Non-spawn XP
 C = Spawn XP percentage of total XP
 D = Spawn monster count
 E = Non-spawn monster count
 F = Spawn count percentage of total count
 G = Total turns spent on level
                    A         B        C        D         E        F      G
               +---------+---------+-------+---------+---------+-------+---------
         Total |       0 |      10 |   0.0 |       0 |       6 |   0.0 |   230
               +---------+---------+-------+---------+---------+-------+---------
           D:1 |       0 |      10 |   0.0 |       0 |       6 |   0.0 |   230
               +---------+---------+-------+---------+---------+-------+---------
